Map: Baie du Roi EC

Players

Sorandom

  • Race: Zerg Zerg
  • League: Diamond
  • Spawn Location: 11:00

IA (très facile) - Winner!

  • Race: Terran Terran
  • Spawn Location: 5:00

VOD

Have the link to the VOD?

Description

Time

  • Played on: April 3, 2019, 7:26 p.m.
  • Length: 6:29
Show
View Real Time Build Order
Export as new Build Order

Sorandom Zerg 

Build Orders: Hatch First 

Get SALT Encoding   

  12  0:02  Drone  
  13  0:12  Overlord  
  13  0:18  Drone  
  14  0:31  Drone x2  
  14  0:34  Drone  
  17  0:55  Hatchery  
  16  0:58  Drone  
  16  1:02  Drone  
  18  1:14  Extractor  
  18  1:17  Drone  
  18  1:21  Spawning Pool  
  18  1:23  Drone  
  18  1:29  Drone  
  19  1:40  Overlord  
  19  1:49  Drone  
  20  2:01  Drone  
  21  2:08  Queen  
  21  2:09  Queen  
  21  2:11  Zergling x2  
  21  2:13  Zergling x2  
  27  2:18  Overlord  
  27  2:24  Metabolic Boost  
  27  2:40  Drone x4  
  31  2:44  Drone  
  31  2:45  Queen  
  34  2:56  Drone  
  35  3:00  Overlord  
  35  3:02  Overlord  
  35  3:06  Queen  
  35  3:11  Zergling x2  
  38  3:22  Lair  
  38  3:33  Drone x7  
  45  3:38  Overlord  
  45  3:52  Spine Crawler  
  45  3:54  Spine Crawler  
  43  3:58  Extractor  
  43  4:02  Extractor  
  41  4:03  Drone x7  
  48  4:13  Roach Warren  
  47  4:27  Drone  
  47  4:28  Drone x5  
  47  4:30  Hydralisk Den  
  52  4:48  Evolution Chamber  
  51  4:55  Extractor  
  50  5:15  Hatchery  
  50  5:16  Grooved Spines  
  49  5:30  Baneling Nest  
  49  5:31  Hydralisk x3  
  49  5:34  Hydralisk  
  49  5:35  Hydralisk x2  
  58  5:36  Hydralisk  
  58  5:37  Hydralisk  
  64  5:43  Drone x3  
  64  5:44  Drone  
  64  5:47  Overlord x3  
Show
View Real Time Build Order
Export as new Build Order

IA (très facile) Terran - Winner!

Build Orders:  

Get SALT Encoding   

  12  0:00  SCV  
  13  0:13  SCV  
  14  0:19  Supply Depot  
  14  0:38  Refinery  
  14  0:43  Barracks  
  14  1:05  Supply Depot  
  14  1:14  Refinery  
  14  1:30  Orbital Command  
  14  1:31  Marine  
  15  1:55  SCV  
  16  2:07  SCV  
  17  2:19  SCV, Marine  
  19  2:31  SCV  
  20  2:38  Barracks Tech Lab  
  20  2:43  SCV  
  21  2:56  SCV  
  22  3:09  Marauder  
Tags
 
League
Diamond
Matchup
TvZ
Replay Pack
Pack 2
Spawn Locations
Cross Positions
Add a new tag
Caveats
  • Supply blocks, unpowered buildings, or Contaminate may cause inaccurate times.
  • Supply counts are checked every 10 seconds.